 Dungeon Crawl Stone Soup version 0.22.1-1-ga44c0e5 (webtiles) character file.

25 Garbasso the Caller (level 2, -2/19 HPs)
             Began as a Demonspawn Summoner on Oct 2, 2018.
             Slain by an adder (3 damage)
             ... on level 3 of the Dungeon.
             The game lasted 00:08:13 (2118 turns).

Garbasso the Caller (Demonspawn Summoner)           Turns: 2118, Time: 00:08:14

Health: -2/19      AC:  4    Str:  8    XL:     2   Next: 86%
Magic:  0/5        EV: 12    Int: 16    God:
Gold:   54         SH:  0    Dex: 13    Spells: 2/5 levels left

rFire    . . .     SeeInvis .   b - +0 spear
rCold    . . .     Gourm    .   (no shield)
rNeg     . . .     Faith    .   a - +0 robe
rPois    .         Spirit   .   (helmet restricted)
rElec    .         Reflect  .   (no cloak)
rCorr    .         Harm     .   g - +0 pair of gloves
MR       +....                  (no boots)
Stlth    ++........             (no amulet)
HPRegen  0.06/turn              (no ring)
MPRegen  0.09/turn              (no ring)

@: lethally poisoned (-2 -> -4)
A: horns 1, rugged brown scales 1, deterioration 1, magic resistance 1
a: no special abilities


You were on level 3 of the Dungeon.
You were hungry.

You visited 1 branch of the dungeon, and saw 3 of its levels.

You collected 54 gold pieces.

Inventory:

Hand Weapons
 b - a +0 spear (weapon)
 d - a +1 dagger of venom
Armour
 a - a +0 robe (worn)
 g - a +0 pair of gloves (worn)
Scrolls
 f - a scroll of fear {unknown}
 h - 3 scrolls of identify {unknown}
 i - a scroll of enchant armour {unknown}
 k - a scroll of blinking {unknown}
Potions
 e - a potion of mutation
Comestibles
 c - 2 rations


   Skills:
 + Level 2.1 Dodging
 - Level 1.7 Stealth
 + Level 2.3 Spellcasting
 * Level 4.5 Summonings


You had 2 spell levels left.
You knew the following spells:

 Your Spells              Type           Power        Failure   Level  Hunger
a - Summon Small Mammal   Summ           ###.         3%          1    #......
b - Call Imp              Summ           ###.....     4%          2    ###....

Your spell library contained the following spells:

 Spells                   Type           Power        Failure   Level  Hunger
 Call Canine Familiar     Summ           ###.....     10%         3    ###....
 Summon Guardian Golem    Hex/Summ       #.......     24%         3    ###....
 Summon Ice Beast         Ice/Summ       #.......     61%         4    #####..
 Summon Lightning Spire   Summ/Air       #.......     61%         4    #####..


Dungeon Overview and Level Annotations

Branches:
Dungeon (3/15)

Altars:

Annotations:
D:2 Sigmund


Innate Abilities, Weirdness & Mutations

You are partially covered in rugged brown scales. (AC +1, +3% HP)
You have a pair of small horns on your head.
Your body sometimes deteriorates upon taking damage.
You are resistant to hostile enchantments. (MR+)


Message History

Aim: an adder (severely wounded)
You reach to attack!
You closely miss the adder.
The adder is severely wounded.
Your bat closely misses the adder.
The adder closely misses your bat.
Your bat barely misses the adder.
The adder bites your bat.
Your bat dies!
Your bat's corpse disappears in a puff of smoke!
Unknown command.
* * * LOW HITPOINT WARNING * * *
You feel sick.
Attack whom?
Press: ? - help, Dir - move target cursor, f/p - adder
Aim: an adder (severely wounded)
You reach to attack!
You hit the adder.
The adder is almost dead.
The adder misses you.
You barely miss the adder.
The adder is almost dead.
The adder bites you.
You die...

#########
........#########
........'.......#
........#######.#
........#.....#r#
........#.###.#S#
........#.#<..#@#
........#.#####.#
#########.......#
#########


You could see an adder and a friendly rat.

Vanquished Creatures
  A worm (D:3)
  A giant cockroach (D:2)
  A goblin (D:2)
  3 hobgoblins (D:1)
  2 kobolds
  A frilled lizard (D:1)
  2 rats
11 creatures vanquished.

Vanquished Creatures (collateral kills)
  An adder (D:2)
  A worm (D:2)
  A goblin (D:2)
  3 hobgoblins (D:2)
  2 frilled lizards (D:2)
8 creatures vanquished.

Grand Total: 19 creatures vanquished

Notes
Turn   | Place    | Note
-------+----------+-------------------------------------------
     0 | D:1      | Garbasso the Demonspawn Summoner began the quest for the
                  | Orb.
     0 | D:1      | Reached XP level 1. HP: 13/13 MP: 3/3
   782 | D:2      | Gained mutation: You are partially covered in rugged brown
                  | scales. (AC +1, +3% HP) [demonic ancestry]
   782 | D:2      | Reached XP level 2. HP: 13/19 MP: 1/5
   880 | D:2      | Learned a level 2 spell: Call Imp
  1578 | D:2      | Noticed Sigmund
  2108 | D:3      | Gained mutation: Your body sometimes deteriorates upon
                  | taking damage. [potion of mutation]
  2108 | D:3      | Gained mutation: You have a pair of small horns on your
                  | head. [potion of mutation]
  2108 | D:3      | Gained mutation: You are resistant to hostile enchantments.
                  | (MR+) [potion of mutation]
  2118 | D:3      | Slain by an adder

Skill      XL: |  1 |
---------------+----+-----
Dodging        | 2 |  2.1
Stealth        | |  1.7
Spellcasting   | |  2.3
Summonings     | |  4.5

Action                   || total
-------------------------++-------
Melee: Spear             ||    62
 Cast: Summon Small Mamm ||    37
       Call Imp          ||     4
  Use: Potion            ||     1
 Stab: Distracted        ||     1
  Eat: Chunk             ||     4
Armor: Robe              ||    11
Dodge: Dodged            ||    17
